 Dungeon Crawl Stone Soup version 0.30-a0-760-g5a9884bb7c (webtiles) character file.

Game seed: 15931915241450876211

53 mopl the Sneak (level 3, -3/18 HPs)
             Began as a Vine Stalker Brigand on Feb 10, 2023.
             Slain by an orc
             ... wielding a +0 flail
              (6 damage)
             ... on level 2 of the Dungeon.
             The game lasted 00:01:54 (917 turns).

mopl the Sneak (Vine Stalker Brigand)                Turns: 917, Time: 00:01:55

Health: -3/18      AC:  3    Str: 13    XL:     3   Next: 87%
Magic:  0/4        EV: 11    Int: 11    God:
Gold:   64         SH:  0    Dex: 17    Spells: 2/2 levels left

rFire   . . .      SeeInvis .    a - +2 dagger
rCold   . . .      Faith    .    (no shield)
rNeg    . . .      Spirit   +    b - +0 robe
rPois   .          Reflect  .    (no helmet)
rElec   .          Harm     .    c - +0 cloak
rCorr   .          Rampage  .    (no gloves)
Will    .....                    (no boots)
Stlth   +++                      (no amulet)
HPRegen 0.23/turn                (no ring)
MPRegen 0.09/turn                (no ring)

@: no status effects
A: fangs 2, magic shield, antimagic bite, no potion heal 2
a: no special abilities


You were on level 2 of the Dungeon.
You visited 1 branch of the dungeon, and saw 2 of its levels.

You collected 64 gold pieces.

Inventory:

Hand Weapons
 a - a +2 dagger (weapon)
Missiles
 d - 9 poisoned darts (quivered)
 e - 3 curare-tipped darts
 f - 9 boomerangs
Armour
 b - a +0 robe (worn)
 c - a +0 cloak (worn)
Scrolls
 g - a scroll of identify {unknown}
 i - a scroll of fog {unknown}
 j - a scroll of vulnerability {unknown}
 l - a scroll of blinking {unknown}
Potions
 h - a potion of invisibility {unknown}
 k - a potion of curing {unknown}


   Skills:
 - Level 1.7 Fighting
 + Level 2.5 Short Blades
 + Level 2.5 Throwing
 - Level 0.7 Dodging
 + Level 5.5 Stealth


You had 2 spell levels left.
You didn't know any spells.
Your spell library was empty.

Dungeon Overview and Level Annotations

Branches:
Dungeon (2/15)

Altars:


Innate Abilities, Weirdness & Mutations

You have extremely sharp teeth.
When hurt, damage is shared between your health and your magic reserves.
Your bite disrupts and absorbs the magic of your enemies.
Potions cannot restore your health.


Message History

Items here: )) [ †.
You see here a ball python corpse.
An orc is nearby!
No target in view!
No target in view!
Things that are here:
a bat corpse; an adder corpse A giant cockroach comes into view.
The orc shouts!
The giant cockroach bites you but does no damage.
The giant cockroach bites you.
The orc priest shouts!
The giant cockroach attacks as you move away!
The giant cockroach bites you but does no damage.
Things that are here:
a bat corpse; an adder corpse You hit the giant cockroach.
You punch the giant cockroach. Your bite misses the giant cockroach.
The giant cockroach is severely wounded.
The giant cockroach closely misses you.
You completely miss the giant cockroach.
Your bite misses the giant cockroach.
The giant cockroach is severely wounded.
The giant cockroach bites you.
The orc priest casts a cantrip, but nothing happens.
You hit the giant cockroach.
You kill the giant cockroach!
The orc hits you with a +0 flail!
The orc priest begins to cast a cantrip, but forgets the words!
You closely miss the orc. You bite the orc. You drain its power.
You feel invigorated.
The orc is lightly wounded.
The orc hits you with a +0 flail. The orc hits you with a +0 whip.
You are too injured to fight recklessly!
Things that are here:
a bat corpse; an adder corpse The orc attacks as you move away!
The orc hits you with a +0 flail!
* * * LOW HITPOINT WARNING * * *
The orc attacks as you move away! The orc hits you with a +0 flail!
You die...

..........# #........#
#.....o..+ #........#
#........# #........#
#........# ##...#####
##.ooo@.#######
###.###.#.....# ...#
#.#.###.# #######..#
#.#.#<#.# .........#
#†#)#.#.##### .8...8...#
#...#(#.....#
..o......####..#.#####.#
..........###..#...# #.#
...........###.###.# #.#


You could see an orc priest and 2 orcs.

Vanquished Creatures
  An adder (D:2)
  A worm (D:2)
  3 dart slugs (D:1)
  2 orcs (D:2)
  6 endoplasms
  2 giant cockroaches
  2 goblins (D:1)
  A hobgoblin (D:1)
  4 ball pythons
  3 bats
  3 frilled lizards (D:1)
  2 kobolds (D:1)
  3 rats
33 creatures vanquished.

Notes
Turn   | Place    | Note
-------+----------+-------------------------------------------
     0 | D:1      | mopl the Vine Stalker Brigand began the quest for the Orb.
     0 | D:1      | Reached XP level 1. HP: 11/11 MP: 2/2
    76 | D:1      | Reached skill level 2 in Short Blades
    76 | D:1      | Reached skill level 2 in Throwing
    76 | D:1      | Reached skill level 5 in Stealth
    76 | D:1      | Reached XP level 2. HP: 14/15 MP: 3/3
   430 | D:1      | Reached XP level 3. HP: 18/18 MP: 4/4
   917 | D:2      | Slain by an orc

Illustrated notes

Levels and vault maps discovered:
D:1:      lightli_arrival_maybe_door_vault, layout_loops_cross
D:2:      cheibrodos_pilgrimage, layout_basic, minmay_close_crescents

Skill      XL: |  1 |
---------------+----+-----
Short Blades   | 2 |  2.5
Throwing       | 2 |  2.5
Stealth        | 5 |  5.5
Fighting       | |  1.7
Dodging        | |  0.7

Action                     || total
---------------------------++-------
  Melee: Dagger            ||    88
         Bite              ||    19
         Punch             ||     2
   Stab: Sleeping          ||     6
 Armour: Robe              ||    17
  Dodge: Dodged            ||    45

Table legend: (Time is in decaauts)
 A = Elapsed time spent in this place.
 B = Non-inter-level travel time spent in this place.
 C = Inter-level travel time spent in this place.
 D = Time resting spent in this place.
 E = Time spent auto-exploring this place.
 F = Levels seen in this place.
 G = Mean time per level.
                   A        B        C        D        E       F      G
               +--------+--------+--------+--------+--------+-----+--------+
         Total |    906 |    868 |     38 |     88 |    537 |   2 |  453.0 |
       Dungeon |    906 |    868 |     38 |     88 |    537 |   2 |  453.0 |
               +--------+--------+--------+--------+--------+-----+--------+

Top non-repeatable levels by time:
     D:1: 657 daAuts
     D:2: 249 daAuts
